 Dungeon Crawl Stone Soup version 0.19.1 (console) character file.

790 Kloppie the Carver (level 7, -5/57 HPs)
             Began as a Black Draconian Berserker on Dec 18, 2016.
             Was a Priest of Trog.
             Slain by BabyRage's ghost (11 damage)
             ... on level 4 of the Dungeon.
             The game lasted 00:04:55 (3513 turns).

Kloppie the Carver (Black Draconian Berserker)      Turns: 3513, Time: 00:04:56

Health: -5/57      AC:  7    Str: 19    XL:     7   Next: 57%
Magic:  7/7        EV: 13    Int:  7    God:    Trog [***...]
Gold:   259        SH:  0    Dex: 13    Spells: 0 memorised, 6 levels left

rFire  . . .     SeeInvis .     a - +0 falchion
rCold  . . .     Gourm    .     (armour unavailable)
rNeg   . . .     Faith    .     (no shield)
rPois  .         Spirit   .     (helmet restricted)
rElec  +         Reflect  .     n - +0 cloak
rCorr  .         Harm     .     (no gloves)
MR     .....                    (no boots)
Stlth  +.........               (no amulet)
                                (no ring)
                                (no ring)

@: exhausted, slowed, very slow
A: breathe lightning, unfitting armour, electricity resistance, cold-blooded, AC
+6
a: Breathe Lightning, Berserk, Trog's Hand, Burn Spellbooks, Renounce Religion


You were on level 4 of the Dungeon.
You worshipped Trog.
Trog was most pleased with you.
You were very hungry.

You visited 1 branch of the dungeon, and saw 4 of its levels.

You collected 259 gold pieces.

Inventory:

Hand Weapons
 a - a +0 falchion (weapon)
Armour
 g - a +0 shield
 n - a +0 cloak (worn)
Wands
 k - a wand of lightning (6/15)
Scrolls
 d - a scroll of fog {unknown}
 h - 3 scrolls of teleportation
 m - a scroll of remove curse
 o - 2 scrolls of magic mapping {unknown}
Potions
 e - a potion of invisibility
 l - 2 potions of degeneration {unknown}
Comestibles
 b - 2 bread rations
 c - a royal jelly
 f - 2 beef jerkies
 i - a meat ration
 j - 3 fruits


   Skills:
 - Level 3.2 Fighting
 + Level 9.1 Long Blades
 - Level 2.6 Dodging


You had 6 spell levels left.
You didn't know any spells.

Dungeon Overview and Level Annotations

Branches:
Dungeon (4/15)
 Temple: D:4-7

Altars:
Qazlal

Annotations:
D:4 BabyRage's ghost, amateur FeFi


Innate Abilities, Weirdness & Mutations

You can breathe wild blasts of lightning.
Your glossy black scales are hard. (AC +6)
You cannot fit into any form of body armour.
You are resistant to electric shocks. (rElec)
You are cold-blooded and may be slowed by cold attacks.


Message History

You closely miss BabyRage's ghost.
BabyRage's ghost is heavily damaged.
BabyRage's ghost hits you but does no damage.
You miss BabyRage's ghost.
Your tail-slap misses BabyRage's ghost.
BabyRage's ghost is heavily damaged.
BabyRage's ghost whispers, "Trust me.
Just give in."
BabyRage's ghost hits you!
* * * LOW HITPOINT WARNING * * *
You barely miss BabyRage's ghost.
BabyRage's ghost is heavily damaged.
You barely miss BabyRage's ghost.
Your tail-slap misses BabyRage's ghost.
BabyRage's ghost is heavily damaged.
BabyRage's ghost hits you.
* * * LOW HITPOINT WARNING * * *
There is an escape hatch in the ceiling here.
You feel a strong urge to attack something.
You are no longer berserk.
You are exhausted.
You feel yourself slow down. BabyRage's ghost hits you!
You die...

#.##########.# #.#####
#..........(.# #.....#
#.......####.# #.###.#
#.....#.# #.# #.# #.#
#.###)#.# #.# #.###.#####
#.# #...# #.######.#...#<...
#####.#
########........#.#######
......# #.>..........###.# #
####### #.....W@.....# #.# #
#............# #.# #
#............# #.#### #
#....[.......# #.##.####
#####............###.#.....#
............................
##......)......######.##.#
## #.............######.##.#
.. #.............##.....##..


You could see BabyRage's ghost.

Vanquished Creatures
  An ice beast (D:4)
  An ogre (D:4)
  2 hounds
  5 orc priests (D:3)
  3 orc wizards (D:3)
  A bullfrog skeleton (D:4)
  A centaur skeleton (D:4)
  Natasha (thrice) (D:2)
  2 worker ants (D:4)
  Terence (D:2)
  A gnoll (D:1)
  2 adders (D:3)
  An adder skeleton (D:3)
  2 worms
  A dart slug (D:2)
  11 orcs (D:3)
  3 giant cockroaches
  9 goblins
  11 hobgoblins
  4 jackals (D:1)
  A quokka (D:3)
  4 ball pythons
  7 bats
  6 frilled lizards
  8 kobolds
  6 rats
97 creatures vanquished.

Notes
Turn   | Place    | Note
-------+----------+-------------------------------------------
     0 | D:1      | Kloppie the Draconian Berserker began the quest for the Orb.
     0 | D:1      | Reached XP level 1. HP: 19/19 MP: 1/1
    84 | D:1      | Reached XP level 2. HP: 25/26 MP: 2/2
   271 | D:1      | Reached skill level 4 in Long Blades
   702 | D:1      | Reached XP level 3. HP: 29/31 MP: 3/3
  1071 | D:2      | Reached ** piety under Trog
  1181 | D:2      | Noticed Natasha
  1190 | D:2      | Killed Natasha
  1230 | D:2      | Noticed Natasha
  1236 | D:2      | Killed Natasha
  1236 | D:2      | Reached skill level 5 in Long Blades
  1236 | D:2      | Reached XP level 4. HP: 24/38 MP: 4/4
  1307 | D:2      | Noticed Natasha
  1553 | D:2      | Noticed Terence
  1554 | D:2      | Found a stormy altar of Qazlal.
  1567 | D:2      | Killed Terence
  1577 | D:2      | Killed Natasha
  1577 | D:2      | Reached XP level 5. HP: 45/45 MP: 5/5
  1945 | D:3      | Reached skill level 6 in Long Blades
  2087 | D:3      | Reached XP level 6. HP: 19/51 MP: 6/6
  2346 | D:3      | Reached skill level 7 in Long Blades
  2453 | D:3      | Reached *** piety under Trog
  2996 | D:4      | Reached skill level 8 in Long Blades
  3010 | D:4      | Your scales start taking on a glossy black colour.
  3010 | D:4      | Reached XP level 7. HP: 36/57 MP: 7/7
  3010 | D:4      | Gained mutation: You are resistant to electric shocks. (rElec) [Black Draconian growth]
  3490 | D:4      | Noticed BabyRage's ghost (amateur FeFi)
  3495 | D:4      | Reached skill level 9 in Long Blades
  3513 | D:4      | Slain by BabyRage's ghost

Skill      XL: |  1  2  3  4  5  6  7 |
---------------+----------------------+-----
Long Blades    | 4 5 6 8 9 |  9.1
Fighting       | |  3.2
Dodging        | |  2.6

Action                   |  1- 3 |  4- 6 |  7- 9 || total
-------------------------+-------+-------+-------++-------
Melee: Falchion          |    80 |   182 |    62 ||   324
       Tailslap          |    15 |    34 |     9 ||    58
Invok: Berserk           |     3 |     3 |     2 ||     8
  Use: Scroll            |       |     5 |       ||     5
       Potion            |       |     4 |       ||     4
 Stab: Sleeping          |     1 |     1 |       ||     2
       Invisible         |       |       |     2 ||     2
  Eat: Chunk             |     3 |     6 |     1 ||    10
       Meat ration       |       |     1 |       ||     1
Armor: Skin              |    17 |    30 |    11 ||    58
Dodge: Dodged            |    67 |   120 |    25 ||   212
       Rpst.: Falchion   |    20 |    43 |     3 ||    66
